 Dungeon Crawl Stone Soup version 0.28.0-1-gb440e238dd (webtiles) character file.

Game seed: 15787393504207689248

17139 Crownlay the Frost Mage (level 12, -12/91 HPs)
             Began as a Gnoll Ice Elementalist on Feb 19, 2022.
             Was a Believer of Uskayaw.
             Mangled by a minotaur (30 damage)
             ... in a Gauntlet.
             The game lasted 00:35:26 (12661 turns).

Crownlay the Frost Mage (Gnoll Ice Elementalist)   Turns: 12661, Time: 00:35:27

Health: -12/91     AC: 23    Str:  9    XL:     12   Next: 44%
Magic:  12/24      EV: 15    Int: 28    God:    Uskayaw [**....]
Gold:   796        SH:  0    Dex: 12    Spells: 5/28 levels left

rFire   x . .      SeeInvis .   U - +5 broad axe of Otywkue {freeze, rC- rN+ Int+5}
rCold   . . .      Faith    .   (no shield)
rNeg    + . .      Spirit   .   I - +0 steam dragon scales
rPois   .          Reflect  .   b - +1 helmet
rElec   .          Harm     .   C - +0 cloak
rCorr   +          Rampage  .   (no gloves)
Will    .....      NoTele   +   K - +0 pair of boots
Stlth   ++++......              p - amulet "Kiuvos" {Regen+ Int+4}
HPRegen 1.05/turn               v - ring of ice
MPRegen 0.19/turn               r - ring of resist corrosion

@: ice-armoured, freezing walls
A: fangs 1, strong nose, distributed training
a: Renounce Religion, Stomp, Line Pass


You were in a Gauntlet.
You worshipped Uskayaw.
Uskayaw was aware of your devotion.
You visited 3 branches of the dungeon, and saw 13 of its levels.
You also visited: Gauntlet.

You collected 796 gold pieces.

Inventory:

Hand Weapons
 y - a +5 battleaxe
 D - a +4 scimitar of flaming
 U - the +5 broad axe of Otywkue (weapon) {freeze, rC- rN+ Int+5}
   (You found it in a Gauntlet)

   It freezes those it strikes, dealing additional cold damage.
   It can also slow down cold-blooded creatures.
   Int:       It affects your intelligence (+5).
   rC:        It makes you vulnerable to cold.
   rN:        It protects you from negative energy.
Missiles
 f - 2 throwing nets
 B - 6 javelins
Armour
 b - a +1 helmet (worn)
 C - a +0 cloak (worn)
 I - +0 steam dragon scales (worn)
 K - a +0 pair of boots (worn)
 T - the +0 cloak of the Pink Corner {rF+ rCorr}
   (You found it in a Gauntlet)

   rF:        It protects you from fire.
   rCorr:     It protects you from acid and corrosion.
Magical Staves
 m - a staff of cold
Jewellery
 a - a ring of protection from fire
 g - an amulet of faith
 i - a +4 ring of evasion
 p - the amulet "Kiuvos" (around neck) {Regen+ Int+4}
   (You found it on level 3 of the Dungeon)

   [amulet of regeneration]

   Int:       It affects your intelligence (+4).
   Regen:     It increases your rate of health regeneration.
 r - a ring of resist corrosion (right hand)
 v - a ring of ice (left hand)
 w - a +6 ring of dexterity
 E - the amulet "Ecet" {Acrobat rPois Str+3}
   (You found it on level 8 of the Dungeon)

   [amulet of the acrobat]

   It increases your evasion while moving and waiting.
   Str:       It affects your strength (+3).
   rPois:     It protects you from poison.
 O - a ring of protection from cold
 Q - a ring of positive energy
Wands
 s - a wand of charming (8)
 F - a wand of flame (15)
Scrolls
 e - 2 scrolls of brand weapon {unknown}
 j - 5 scrolls of immolation
 l - 3 scrolls of fog
 o - a scroll of summoning
 q - 2 scrolls of fear
 t - 3 scrolls of teleportation
 u - a scroll of noise {unknown}
 A - 4 scrolls of amnesia
 H - a scroll of torment {unknown}
 J - a scroll of silence {unknown}
 L - a scroll of acquirement
 M - a scroll of enchant weapon {unknown}
 N - a scroll of blinking {unknown}
 S - a scroll of enchant armour {unknown}
Potions
 c - 3 potions of lignification
 d - a potion of might
 h - 2 potions of ambrosia
 k - a potion of berserk rage {unknown}
 n - 6 potions of curing
 x - a potion of brilliance {unknown}
 z - a potion of flight
 G - a potion of cancellation
 P - a potion of invisibility
 R - a potion of heal wounds


   Skills:
 + Level 7.3 Fighting
 + Level 7.3 Short Blades
 + Level 7.3 Long Blades
 + Level 7.3 Axes
 + Level 7.3 Maces & Flails
 + Level 7.3 Polearms
 + Level 7.3 Staves
 + Level 7.3 Slings
 + Level 7.3 Bows
 + Level 7.3 Crossbows
 + Level 7.3 Throwing
 + Level 7.3 Armour
 + Level 8.7 Dodging
 + Level 8.5 Stealth
 + Level 7.3 Shields
 + Level 7.3 Unarmed Combat
 + Level 8.9 Spellcasting
 + Level 6.0 Conjurations
 + Level 6.0 Hexes
 + Level 6.0 Summonings
 + Level 6.0 Necromancy
 + Level 6.0 Translocations
 + Level 6.0 Transmutations
 + Level 6.0 Fire Magic
 + Level 9.4 Ice Magic
 + Level 6.0 Air Magic
 + Level 6.0 Earth Magic
 + Level 6.0 Poison Magic
 + Level 8.0 Invocations
 + Level 7.3 Evocations


You had 5 spell levels left.
You knew the following spells:

 Your Spells              Type           Power      Damage    Failure   Level
a - Freeze                Ice            100%       1d11      1%          1
b - Frozen Ramparts       Ice            100%       1d12      1%          3
c - Ozocubu's Armour      Ice            78%        N/A       1%          3
d - Hailstorm             Conj/Ice       71%        3d15      1%          4
e - Teleport Other        Tloc           46%        N/A       1%          3
f - Summon Lightning Spi  Summ/Air       46%        N/A       3%          4
g - Lightning Bolt        Conj/Air       23%        1d38      11%         5

Your spell library contained the following spells:

 Spells                   Type           Power      Damage    Failure   Level
 Summon Small Mammal      Summ           100%       N/A       1%          1
 Call Canine Familiar     Summ           46%        N/A       1%          3
 Gell's Gravitas          Tloc           46%        N/A       1%          3
 Lesser Beckoning         Tloc           46%        N/A       1%          3
 Summon Guardian Golem    Hex/Summ       46%        N/A       1%          3
 Airstrike                Air            23%        N/A       3%          4
 Passage of Golubria      Tloc           46%        N/A       3%          4
 Silence                  Hex/Air        23%        N/A       11%         5
 Lehudib's Crystal Spear  Conj/Erth      23%        10d6      100%        8


Dungeon Overview and Level Annotations

Branches:
Dungeon (11/15)            Temple (1/1) D:6            Lair (1/6) D:10
    Orc (0/2) D:10        Gauntlet (1/1)

Altars:
Ashenzari
Cheibriados
Dithmenos
Elyvilon
Hepliaklqana
Kikubaaqudgha
Nemelex Xobeh
Okawaru
Qazlal
Ru
Trog
Uskayaw
Wu Jian
Yredelemnul
Zin
The Shining One
Beogh

Shops:
D:6 *=

Portals:
Trove: D:11 (give 4 potions of resistance)

Annotations:
D:7 2 transporters, Hyawatha's ghost, amateur DrAK
D:8 exclusion: ice statue Gauntlet 6 transporters


Innate Abilities, Weirdness & Mutations

You have very sharp teeth.
Your uncanny sense of smell can sniff out nearby items.
Your experience applies equally to all skills.


Message History

Confirm with . or Enter, or press ? or * to list all spells.
You feel a strong surge of power! A film of ice covers your body!
The wall freezes the minotaur!
The minotaur throws a silver javelin.
The silver javelin pierces through you!!
Your floating eye's stare focuses on the minotaur.
Casting: Ozocubu's Armour (safe; 1% risk of failure)
Confirm with . or Enter, or press ? or * to list all spells.
Casting: Hailstorm (dangerous; 2% risk of failure)
Press: ? - help, Dir - look around, f - activate
Okay, then.
Okay, then.
Okay, then.
Okay, then.
Okay, then.
Casting: Hailstorm (dangerous; 2% risk of failure)
Confirm with . or Enter, or press ? or * to list all spells.
Aiming: Lightning Bolt (dangerous; 14% risk of failure)
Press: ? - help, Shift-Dir - straight line, f - minotaur
Aim: a minotaur, wielding a +3 vampiric great sword, wearing a +0 plate armour and quivering silver javelins (lightly wounded, ally target, 81% to hit)
You hear a mighty clap of thunder!
The bolt of lightning hits the minotaur!!
The minotaur is moderately wounded.
The bolt of lightning misses the minotaur.
The wall freezes the minotaur.
You can now pass through a line of other dancers.
You feel clever.
The +5 broad axe of Otywkue {freeze, rC- rN+ Int+5} glows with a cold blue light!
U - the +5 broad axe of Otywkue (weapon)
{freeze, rC- rN+ Int+5} You hit the minotaur but do no damage.
The minotaur is heavily wounded.
Your wolf dissolves into shadows!
Your wolf bites the minotaur but does no damage. x2
The wall freezes the minotaur!
The minotaur hits you with a +3 vampiric great sword!!
The minotaur draws strength from your wounds!
The minotaur gores you!
* * * LOW HITPOINT WARNING * * *
Your wolf bites the minotaur!
The wall freezes the minotaur.
The minotaur hits you with a +3 vampiric great sword!!
You die...

###.#..#.8.##....#
#..##..#...##.##.#
..#.#..#.8..h.##P#
##.##..#...##h##.# #
#####§.#...##h...#.# ≈#
.....§≈#.©.##.##h#.#.≈≈#
.....§§#......##Gh...∩≈#
......§#.©.##.##H#.#.≈≈#
#####..#...##...@#.# ≈#
#...#..#...##.##.# #
.#..#..#.8....##.#
.##=#..#...##.##.#
##..#..#.8.##....#
^#.©#..#...#######
##.(#..#§8≈#
.##$#..##### .#..#..#


You could see a minotaur (ally target), a friendly oklob plant (summoned), 2
friendly wolves and a friendly floating eye (summoned, charged).

Vanquished Creatures
  Josephine (D:10)
  A hydra (Lair:1)
  Erica (D:8)
  2 two-headed ogres
  2 wizards (Gauntlet)
  Pikel (D:8)
  A cane toad (Lair:1)
  2 komodo dragons (Lair:1)
  A kobold demonologist (D:9)
  The ghost of p0werm0de the Chiller, a novice GnIE of Cheibriados (D:6)
  A tengu conjurer (D:11)
  2 ice devils (D:8)
  3 trolls (D:10)
  A hornet (D:10)
  Grinder (D:6)
  Sigmund (D:3)
  2 shadows
  3 wraiths (D:10)
  A basilisk (Lair:1)
  5 yaks (Lair:1)
  2 wyverns
  3 steam dragons
  Edmund (D:4)
  A hydra simulacrum (Gauntlet)
  7 water moccasins
  3 ice beasts
  2 orc warriors (D:10)
  2 sky beasts
  3 wolves (D:10)
  4 centaurs
  3 ogres
  3 lemures (D:8)
  A phantom (D:4)
  3 kobold brigands (D:9)
  3 bullfrogs
  A gnoll sergeant (D:8)
  2 scorpions (D:4)
  A wyvern zombie (D:8)
  A wyvern skeleton (D:7)
  6 killer bees (D:9)
  13 wights
  6 howler monkeys
  An electric eel (D:6)
  2 jellies
  4 centaur zombies
  2 gnoll shamans
  8 hounds
  7 orc priests
  3 bullfrog skeletons
  5 iguanas
  7 orc wizards
  A killer bee zombie (D:5)
  A hound skeleton (D:5)
  Robin (D:3)
  5 adders
  17 gnolls
  A howler monkey skeleton (D:4)
  4 shadow imps
  5 white imps
  11 ufetubi
  An adder zombie (D:5)
  An adder skeleton (D:4)
  A worm (D:2)
  31 orcs
  7 endoplasms
  4 giant cockroaches
  12 goblins
  8 hobgoblins
  11 jackals
  5 quokkas
  4 ball pythons
  2 bats
  A frilled lizard (D:1)
  8 kobolds
  3 rats
288 creatures vanquished.

Vanquished Creatures (collateral kills)
  3 ice devils (D:8)
  A redback simulacrum (Gauntlet)
  A hornet simulacrum (Gauntlet)
5 creatures vanquished.

Vanquished Creatures (others)
  A fungus (Lair:1)
  2 withered plants (Gauntlet)
3 creatures vanquished.

Grand Total: 296 creatures vanquished

Notes
Turn   | Place    | Note
-------+----------+-------------------------------------------
     0 | D:1      | Crownlay the Gnoll Ice Elementalist began the quest for the
                  | Orb.
     0 | D:1      | Reached XP level 1. HP: 13/13 MP: 6/6
   191 | D:1      | Reached XP level 2. HP: 19/19 MP: 5/7
   374 | D:1      | Found a faded altar of an unknown god.
   377 | D:1      | You fall into a shaft and drop 1 floor!
   466 | D:2      | Reached skill level 5 in Spellcasting
   466 | D:2      | Reached XP level 3. HP: 25/25 MP: 7/9
   585 | D:2      | Reached skill level 1 in Invocations
   827 | D:2      | Reached skill level 1 in Fighting
   827 | D:2      | Reached skill level 1 in Short Blades
   827 | D:2      | Reached skill level 1 in Long Blades
   827 | D:2      | Reached skill level 1 in Axes
   827 | D:2      | Reached skill level 1 in Maces & Flails
   827 | D:2      | Reached skill level 1 in Polearms
   827 | D:2      | Reached skill level 1 in Staves
   827 | D:2      | Reached skill level 1 in Slings
   827 | D:2      | Reached skill level 1 in Bows
   827 | D:2      | Reached skill level 1 in Crossbows
   827 | D:2      | Reached skill level 1 in Throwing
   827 | D:2      | Reached skill level 1 in Armour
   827 | D:2      | Reached skill level 1 in Shields
   827 | D:2      | Reached skill level 1 in Unarmed Combat
   827 | D:2      | Reached skill level 1 in Evocations
  1038 | D:2      | Identified a scroll of acquirement
  1088 | D:3      | Noticed Robin
  1088 | D:3      | Noticed Sigmund
  1095 | D:2      | Learned a level 3 spell: Frozen Ramparts
  1099 | D:2      | Learned a level 3 spell: Ozocubu's Armour
  1099 | D:2      | Acquired a staff of cold
  1107 | D:3      | Reached XP level 4. HP: 24/32 MP: 7/11
  1129 | D:3      | Identified the amulet "Kiuvos" {Regen+ Int+4}
  1256 | D:3      | Killed Robin
  1257 | D:3      | Reached skill level 1 in Conjurations
  1257 | D:3      | Reached skill level 1 in Hexes
  1257 | D:3      | Reached skill level 1 in Summonings
  1257 | D:3      | Reached skill level 1 in Necromancy
  1257 | D:3      | Reached skill level 1 in Translocations
  1257 | D:3      | Reached skill level 1 in Transmutations
  1257 | D:3      | Reached skill level 1 in Fire Magic
  1257 | D:3      | Reached skill level 1 in Air Magic
  1257 | D:3      | Reached skill level 1 in Earth Magic
  1257 | D:3      | Reached skill level 1 in Poison Magic
  1265 | D:3      | Killed Sigmund
  1266 | D:3      | Reached XP level 5. HP: 20/38 MP: 6/12
  1266 | D:3      | Reached XP level 6. HP: 23/44 MP: 6/13
  1479 | D:3      | Reached skill level 5 in Dodging
  2024 | D:4      | Noticed Edmund
  2037 | D:4      | Killed Edmund
  2038 | D:4      | Reached XP level 7. HP: 46/51 MP: 9/15
  2222 | D:4      | Reached skill level 5 in Stealth
  2603 | D:4      | Reached XP level 8. HP: 48/57 MP: 16/16
  2696 | D:4      | Learned a level 4 spell: Hailstorm
  2731 | D:5      | Entered Level 5 of the Dungeon
  3571 | D:6      | Noticed Grinder
  3600 | D:6      | Killed Grinder
  3601 | D:6      | Reached XP level 9. HP: 44/65 MP: 4/18
  3710 | D:6      | Found Ogosoko's Jewellery Boutique.
  4012 | D:6      | HP: 1/56 [wight (3)]
  4293 | D:6      | Found Ficral's CLEARANCE SALE!.
  4340 | D:6      | Reached skill level 8 in Ice Magic
  4450 | D:6      | Found a staircase to the Ecumenical Temple.
  4464 | Temple   | Entered the Ecumenical Temple
  4499 | Temple   | Became a worshipper of Uskayaw the Reveller
  4558 | D:6      | Reached * piety under Uskayaw
  4559 | D:6      | Reached ** piety under Uskayaw
  4699 | D:6      | Found a runed translucent door.
  4701 | D:6      | Noticed p0werm0de's ghost (novice GnIE)
  4903 | D:5      | Learned a level 3 spell: Teleport Other
  4924 | D:5      | HP: 2/46 [wight (10)]
  4925 | D:5      | Reached *** piety under Uskayaw
  5373 | D:6      | Killed p0werm0de's ghost
  5464 | D:7      | Reached skill level 5 in Invocations
  5765 | D:7      | Reached XP level 10. HP: 73/73 MP: 17/20
  5828 | D:7      | Found a transporter.
  5839 | D:7      | Found a transporter.
  5843 | D:7      | Noticed Hyawatha's ghost (amateur DrAK)
  5946 | D:7      | Found a white marble altar of Elyvilon.
  6387 | D:7      | Noticed a moth of wrath
  6437 | D:8      | Reached skill level 5 in Fighting
  6437 | D:8      | Reached skill level 5 in Short Blades
  6437 | D:8      | Reached skill level 5 in Long Blades
  6437 | D:8      | Reached skill level 5 in Axes
  6437 | D:8      | Reached skill level 5 in Maces & Flails
  6437 | D:8      | Reached skill level 5 in Polearms
  6437 | D:8      | Reached skill level 5 in Staves
  6437 | D:8      | Reached skill level 5 in Slings
  6437 | D:8      | Reached skill level 5 in Bows
  6437 | D:8      | Reached skill level 5 in Crossbows
  6437 | D:8      | Reached skill level 5 in Throwing
  6437 | D:8      | Reached skill level 5 in Armour
  6437 | D:8      | Reached skill level 5 in Shields
  6437 | D:8      | Reached skill level 5 in Unarmed Combat
  6437 | D:8      | Reached skill level 5 in Evocations
  6445 | D:8      | Noticed an ice statue
  6784 | D:8      | Noticed Pikel
  6814 | D:8      | Killed Pikel
  6816 | D:8      | Reached **** piety under Uskayaw
  6820 | D:8      | Reached ***** piety under Uskayaw
  6830 | D:8      | Noticed Erica
  6831 | D:8      | Reached ****** piety under Uskayaw
  6836 | D:8      | Killed Erica
  7104 | D:8      | Identified the amulet "Ecet" {Acrobat rPois Str+3}
  8107 | D:9      | Noticed a kobold demonologist
  8118 | D:9      | Killed a kobold demonologist
  8124 | D:9      | Reached XP level 11. HP: 81/81 MP: 2/22
  8330 | D:9      | Identified the +6 whip of Gallantry {vorpal, Str+5}
  8381 | D:9      | Noticed a two-headed ogre
  8386 | D:9      | Killed a two-headed ogre
  8669 | D:8      | Learned a level 4 spell: Summon Lightning Spire
  8702 | D:8      | Reached skill level 5 in Conjurations
  8702 | D:8      | Reached skill level 5 in Hexes
  8702 | D:8      | Reached skill level 5 in Summonings
  8702 | D:8      | Reached skill level 5 in Necromancy
  8702 | D:8      | Reached skill level 5 in Translocations
  8702 | D:8      | Reached skill level 5 in Transmutations
  8702 | D:8      | Reached skill level 5 in Fire Magic
  8702 | D:8      | Reached skill level 5 in Air Magic
  8702 | D:8      | Reached skill level 5 in Earth Magic
  8702 | D:8      | Reached skill level 5 in Poison Magic
  9679 | D:8      | Learned a level 5 spell: Lightning Bolt
  9731 | D:10     | Entered Level 10 of the Dungeon
  9731 | D:10     | Found a staircase to the Orcish Mines.
 10011 | D:10     | Reached skill level 9 in Ice Magic
 10225 | D:10     | Found a staircase to the Lair.
 10228 | D:10     | Found the +7 Kryia's mail coat {PotionHeal*2 rC+}
 10464 | D:10     | Noticed Josephine
 10476 | D:10     | Killed Josephine
 11307 | D:11     | Noticed a two-headed ogre
 11314 | D:11     | Killed a two-headed ogre
 11408 | D:11     | Found a portal to a secret trove of treasure.
 11599 | D:11     | Reached XP level 12. HP: 39/89 MP: 16/24
 11937 | Lair:1   | Entered Level 1 of the Lair of Beasts
 12065 | Lair:1   | Noticed a five-headed hydra
 12074 | Lair:1   | Killed a two-headed hydra
 12187 | Lair:1   | Found a gate leading to a gauntlet.
 12197 | Gauntlet | Entered a Gauntlet
 12197 | Gauntlet | Found a transporter.
 12197 | Gauntlet | Found a transporter.
 12197 | Gauntlet | Found a transporter.
 12201 | Gauntlet | Found a transporter.
 12201 | Gauntlet | Found a transporter.
 12203 | Gauntlet | Found a transporter.
 12211 | Gauntlet | Found a transporter.
 12215 | Gauntlet | Found a transporter.
 12225 | Gauntlet | Found a transporter.
 12326 | Gauntlet | Found a transporter.
 12329 | Gauntlet | Found the +3 Mad Mage's Maulers {Infuse+∞ RegenMP Int-3}
 12330 | Gauntlet | Found a transporter.
 12337 | Gauntlet | Noticed a great orb of eyes
 12345 | Gauntlet | Found a transporter.
 12594 | Gauntlet | Identified the +0 cloak of the Pink Corner {rF+ rCorr}
 12597 | Gauntlet | Identified the +5 broad axe of Otywkue {freeze, rC- rN+
                  | Int+5}
 12643 | Gauntlet | Noticed a minotaur
 12661 | Gauntlet | Mangled by a minotaur

Illustrated notes

Levels and vault maps discovered:
D:1:      dpeg_arrival_snail, layout_rooms, dreamdust_ecumenical_altar_grove,
          minmay_octomino_j4
D:2:      layout_loops_cross
D:3:      layout_loops_ring, uniq_robin, uniq_sigmund
D:4:      layout_rooms, uniq_edmund
D:5:      layout_rooms
D:6:      layout_layer_cave, minmay_temple_entry_purple_smoke,
          ebering_ghost_reflecting_pool, minmay_shop_enchanted_jewellery,
          nicolae_water_bricks, nicolae_shop_clearance, uniq_grinder
D:7:      layout_loops_ring, elyvilon_altar_4, gammafunk_ghost_berserking_beasts
D:8:      cheibrodos_frozen_isle, layout_rooms, chequers_serial_rivers_room_b,
          minivault_5, uniq_erica, uniq_pikel
D:9:      layout_basic, minivault_11, grunt_decor_mini_mirrors
D:10:     layout_loops_corners, erik_lair_island,
          hangedman_abyss_or_decor_stagger, minmay_fractal_squares_5,
          uniq_josephine
D:11:     layout_long_grid, enter_trove_6, david_defended_altar_orc
Temple:   compressed_dpeg_circular_temple
Lair:1:   layout_long_grid, gauntlet_entry_generic, grunt_megastairs_4,
          serial_bayou_shore_a
Gauntlet: gammafunk_gauntlet_hard_choice [nicolae_gauntlet_arena_flowing_pool,
          nicolae_gauntlet_arena_grate_2,
          gammafunk_gauntlet_arena_split_diamond,
          gammafunk_gauntlet_arena_corners, gammafunk_gauntlet_arena_chambers,
          gammafunk_gauntlet_arena_mazey, gauntlet_exit_watery]

Skill      XL: |  1  2  3  4  5  6  7  8  9 10 11 12 |
---------------+-------------------------------------+-----
Spellcasting   | 5 6 7 8 |  8.9
Invocations    | 1 2 3 4 5 6 7 8 |  8.0
Fighting       | 1 2 3 4 5 6 7 |  7.3
Short Blades   | 1 2 3 4 5 6 7 |  7.3
Long Blades    | 1 2 3 4 5 6 7 |  7.3
Axes           | 1 2 3 4 5 6 7 |  7.3
Maces & Flails | 1 2 3 4 5 6 7 |  7.3
Polearms       | 1 2 3 4 5 6 7 |  7.3
Staves         | 1 2 3 4 5 6 7 |  7.3
Slings         | 1 2 3 4 5 6 7 |  7.3
Bows           | 1 2 3 4 5 6 7 |  7.3
Crossbows      | 1 2 3 4 5 6 7 |  7.3
Throwing       | 1 2 3 4 5 6 7 |  7.3
Armour         | 1 2 3 4 5 6 7 |  7.3
Shields        | 1 2 3 4 5 6 7 |  7.3
Unarmed Combat | 1 2 3 4 5 6 7 |  7.3
Evocations     | 1 2 3 4 5 6 7 |  7.3
Conjurations   | 1 2 3 4 5 6 |  6.0
Hexes          | 1 2 3 4 5 6 |  6.0
Summonings     | 1 2 3 4 5 6 |  6.0
Necromancy     | 1 2 3 4 5 6 |  6.0
Translocations | 1 2 3 4 5 6 |  6.0
Transmutations | 1 2 3 4 5 6 |  6.0
Fire Magic     | 1 2 3 4 5 6 |  6.0
Air Magic      | 1 2 3 4 5 6 |  6.0
Earth Magic    | 1 2 3 4 5 6 |  6.0
Poison Magic   | 1 2 3 4 5 6 |  6.0
Dodging        | 5 6 7 8 |  8.7
Stealth        | 5 6 7 8 |  8.5
Ice Magic      | 8 9 |  9.4

Action                   |  1- 3 |  4- 6 |  7- 9 | 10-12 || total
-------------------------+-------+-------+-------+-------++-------
Melee: Unarmed           |     1 |       |       |       ||     1
       Spear             |    68 |       |     8 |       ||    76
       Bite              |     4 |    13 |    53 |    38 ||   108
       Staff             |       |    83 |   422 |       ||   505
       Punch             |       |     1 |    10 |     1 ||    12
       Battleaxe         |       |       |    52 |   213 ||   265
       Scimitar          |       |       |       |    25 ||    25
       Broad axe         |       |       |       |     1 ||     1
 Cast: Freeze            |    11 |       |       |       ||    11
       Frozen Ramparts   |     1 |     7 |    38 |    39 ||    85
       Ozocubu's Armour  |       |     6 |    27 |    32 ||    65
       Hailstorm         |       |       |     4 |    31 ||    35
       Teleport Other    |       |       |     1 |     1 ||     2
       Summon Lightning  |       |       |       |    16 ||    16
       Lightning Bolt    |       |       |       |     1 ||     1
  Use: Scroll            |     3 |     1 |     2 |     9 ||    15
       Potion            |       |       |     2 |     1 ||     3
 Stab: Sleeping          |     6 |     3 |     4 |     4 ||    17
       Distracted        |       |     1 |     1 |     1 ||     3
       Paralysed         |       |       |     2 |    10 ||    12
Armor: Robe              |     8 |    16 |   131 |    24 ||   179
       Steam dragon scal |       |       |       |   101 ||   101
Dodge: Dodged            |    71 |    79 |   328 |   263 ||   741
